AoeStats
← Headhunter_GG

Hideout

509380407Analyzed
1v1 RM · 6d ago on Sep 26, 2026· 72m 33s· 2 players
Game mode
Random Map
Map size
Tiny (2 player)
Population
200
Speed
Normal
Resources
Standard
Victory
Conquest
Starting age
Dark Age
Ending age
Imperial Age
RankedLock teamsTeams togetherTeam positionsShared explorationLock speedFull tech treeHidden civsTurbo modeCheats
Victory
Defeat
🇩🇪 Japanese · Germany
1633
+14
🇪🇨 Malians · Ecuador
1587
-14
cabdelbrillo
9:04 Feudal Age
11:35 Loom
14:43 Castle Age
21:38 Wheelbarrow
21:13 Double-Bit Axe
22:54 Horse Collar
24:10 Stone Mining
24:45 Bow Saw
25:07 Heavy Plow
27:13 Hand Cart
32:21 Imperial Age
29:48 Fletching
30:14 Gold Mining
31:05 Stone Shaft Mining
31:00 Ballistics
31:38 Tigui
32:22 Scale Barding Armor
34:18 Onager
39:22 Chemistry
39:18 Forging
39:41 Chain Barding Armor
41:13 Heavy Camel Rider
41:38 Cavalier
42:55 Plate Barding Armor
42:37 Masonry
46:45 Light Cavalry
49:58 Farimba
50:36 Iron Casting
54:41 Husbandry
54:52 Bloodlines
56:30 Conscription
56:25 Bodkin Arrow
61:51 Man-at-Arms
62:33 Scale Mail Armor
63:33 Elite Skirmisher
63:45 Long Swordsman
64:27 Squires
64:13 Arson
66:11 Chain Mail Armor
Headhunter_GG
8:30 Feudal Age
8:39 Man-at-Arms
9:08 Double-Bit Axe
19:05 Castle Age
17:15 Gold Mining
18:49 Fletching
19:42 Wheelbarrow
19:36 Loom
20:13 Bodkin Arrow
20:16 Crossbowman
21:22 Bow Saw
24:01 Loom
24:05 Town Watch
25:10 Horse Collar
27:35 Stone Mining
28:36 Hand Cart
28:48 Thumb Ring
29:21 Padded Archer Armor
29:02 Pikeman
30:29 Leather Archer Armor
30:42 Squires
30:45 Scale Mail Armor
32:12 Ballistics
36:15 Imperial Age
34:44 Long Swordsman
36:58 Scale Barding Armor
37:04 Forging
37:09 Chain Mail Armor
36:21 Arbalester
38:11 Conscription
37:33 Cavalier
38:15 Husbandry
38:25 Bloodlines
39:15 Chain Barding Armor
39:31 Iron Casting
39:58 Halberdier
43:38 Chemistry
44:02 Heavy Plow
43:35 Light Cavalry
47:31 Siege Engineers
58:05 Plate Mail Armor
59:32 Blast Furnace
70:53 Two-Man Saw
Connection lost

Rejoining the realm…

Still unreachable

The connection could not be restored.

Session expired

The server has moved on; the page needs a fresh start.